 Dungeon Crawl Stone Soup version 0.30-a0-422-g946f4849ff (webtiles) character file.

Game seed: 3167238010591425069

5719 McMuffin the Cleaver (level 10, -7/90 HPs)
             Began as a Hill Orc Fighter on Dec 8, 2022.
             Was a Believer of Beogh.
             Killed from afar by a hell hound (13 damage)
             ... with a blast of flame
             ... on level 2 of the Abyss on Dec 9, 2022.
             The game lasted 00:55:55 (7324 turns).

McMuffin the Cleaver (Hill Orc Fighter)             Turns: 7324, Time: 00:55:56

Health: -7/90      AC: 22    Str: 30    XL:     10   Next: 76%
Magic:  10/10      EV:  7    Int:  8    God:    Beogh [**....]
Gold:   630        SH: 13    Dex: 10    Spells: 9/9 levels left

rFire   . . .      SeeInvis .    a - +2 war axe
rCold   . . .      Faith    .    n - +3 kite shield
rNeg    . . .      Spirit   .    F - +3 plate armour
rPois   +          Reflect  .    (no helmet)
rElec   .          Harm     .    E - +0 cloak
rCorr   .          Rampage  .    D - +0 pair of gloves
Will    .....                    y - +2 pair of boots
Stlth   ..........               (no amulet)
HPRegen 0.35/turn                k - ring of poison resistance
MPRegen 0.12/turn                G - +6 ring of strength

@: about to teleport, invisible
A: no striking features
a: Renounce Religion, Smiting


You were on level 2 of the Abyss.
You worshipped Beogh.
Beogh was pleased with you.
You visited 1 branch of the dungeon, and saw 10 of its levels.
You visited the Abyss 1 time.

You collected 630 gold pieces.

Inventory:

Hand Weapons
 a - a +2 war axe (weapon)
 d - a +0 flail
 H - the +7 falchion of Entrepreneurial Spirit {vorpal, rCorr Stlth+}
   (You found it on level 10 of the Dungeon)

   It inflicts extra damage upon your enemies.
   rCorr:     It protects you from acid and corrosion.
   Stlth:     It makes you more stealthy.
Missiles
 o - 5 poisoned darts (quivered)
 B - a boomerang
 N - 3 javelins
Armour
 b - a +0 scale mail
 c - a +0 buckler
 g - a +1 ring mail of positive energy
 m - a +0 chain mail
 n - a +3 kite shield (worn)
 y - a +2 pair of boots (worn)
 D - a +0 pair of gloves (worn)
 E - a +0 cloak (worn)
 F - a +3 plate armour (worn)
Jewellery
 f - an amulet of regeneration
 k - a ring of poison resistance (left hand)
 G - a +6 ring of strength (right hand)
Wands
 p - a wand of mindburst (8)
 t - a wand of paralysis (8)
 w - a wand of roots (7)
Scrolls
 q - a scroll of summoning
 x - a scroll of vulnerability
 K - a scroll of noise
 L - a scroll of fear
 O - a scroll of amnesia
Potions
 e - a potion of magic
 h - a potion of resistance
 i - a potion of curing
 j - a potion of haste
 l - 2 potions of berserk rage
 s - 2 potions of degeneration
 u - 3 potions of might
 v - 3 potions of cancellation
 z - 2 potions of mutation {unknown}
 A - a potion of attraction
 C - 3 potions of lignification
 J - a potion of ambrosia {unknown}


   Skills:
 + Level 8.8 Fighting
 + Level 11.0 Axes
 + Level 7.2 Throwing
 + Level 8.4 Armour
 + Level 4.0 Dodging
 + Level 0.4 Stealth
 + Level 8.8 Shields


You had 9 spell levels left.
You didn't know any spells.
Your spell library contained the following spells:

 Spells                   Type           Power      Damage    Failure   Level
 Blink                    Tloc           0%         N/A       100%        2
 Momentum Strike          Conj/Tloc      0%         3d8       100%        2
 Lesser Beckoning         Tloc           0%         N/A       100%        3


Dungeon Overview and Level Annotations

Branches:
Dungeon (10/15)            Temple (0/1) D:6             Orc (0/2) D:10
   Lair: D:8-11

Altars:
Gozag
Makhleb
Trog
Wu Jian

Shops:
D:5 *   D:7 =[:*

Annotations:
D:7 3 runed translucent doors, zishaf's ghost, novice DjVM
D:10 Erolcha; Lodul


Message History

You hit the chaos spawn.
The chaos spawn is lightly wounded.
A starcursed mass splits.
A chorus of shrieks assaults your mind.
* * * LOW HITPOINT WARNING * * *
The chaos spawn gores you.
* * * LOW HITPOINT WARNING * * *
The chaos spawn shocks you.
* * * LOW HITPOINT WARNING * * *
Blink to where?
Press: ? - help, Dir - move target 3 hell hounds come into view.
As you read the scroll of blinking, it crumbles to dust.
The hell hound barks! x3
The hell hound bites you but does no damage.
A starcursed mass splits.
As you read the scroll of teleportation, it crumbles to dust.
You feel strangely unstable.
You feel the power of the Abyss delaying your translocation!
The hell hound breathes flames at you.
The blast of flame hits the hell hound.
The hell hound completely resists.
The blast of flame misses you. The hell hound bites you.
* * * LOW HITPOINT WARNING * * *
A wretched star comes into view.
A starcursed mass splits.
You fade into invisibility!
You block the hell hound's attack.
A starcursed mass splits.
An ancient zyme comes into view.
You feel yourself growing ill in the presence of the ancient zyme.
The hell hound barely misses you. You block the hell hound's attack.
The hell hound bites you but does no damage.
A deafening chorus of shrieks assaults your mind!
* * * LOW HITPOINT WARNING * * *
You suddenly lose the ability to move!
You can move again.
A large abomination comes into view.
The hell hound bites you but does no damage.
The hell hound breathes flames at you. The blast of flame hits you!
You die...

....## . .*.
.## ..#####
....... ....#..
....... ##.....
.#.....
...X...#h......
.X..XX.>h......
...X...@h......
.....4.........
...........#x..
..........## .
.....#.#..#
....##. ...
.... .. .§X.
..# .. #x..#


You could see 5 starcursed masses, a wretched star, 2 ancient zymes, a large
abomination (wandering, unable to see you), a chaos spawn (unable to see you)
and 3 hell hounds.

Vanquished Creatures
  Joseph (D:8)
  Maurice (D:7)
  3 wyverns
  8 yaks
  A steam dragon (D:8)
  2 water moccasins (D:7)
  3 small abominations (Abyss:2)
  4 orc warriors
  2 black bears
  An ice beast (D:7)
  A centaur (D:9)
  2 phantoms
  Blork the orc (D:6)
  A bullfrog (D:7)
  A necrophage (D:6)
  2 scorpions
  4 wights (D:9)
  A howler monkey (D:7)
  3 starcursed masses (Abyss:2)
  A jelly (D:6)
  4 hounds
  2 gnoll boudas
  2 orc priests
  4 iguanas
  5 orc wizards
  11 adders
  11 gnolls
  An ufetubus (D:5)
  A worm (D:4)
  3 dart slugs
  30 orcs
  8 endoplasms
  2 giant cockroaches
  5 goblins
  8 hobgoblins
  7 jackals
  4 quokkas (D:1)
  15 ball pythons
  6 bats
  3 frilled lizards
  5 kobolds
  7 rats
  3 bushes (D:1)
190 creatures vanquished.

Vanquished Creatures (others)
  2 orc priests (D:4)
  7 demonic plants (D:1)
  10 fungi
  13 plants (D:1)
  2 toadstools (D:8)
  2 withered plants (D:1)
36 creatures vanquished.

Grand Total: 226 creatures vanquished

Notes
Turn   | Place    | Note
-------+----------+-------------------------------------------
     0 | D:1      | McMuffin the Hill Orc Fighter began the quest for the Orb.
     0 | D:1      | Reached XP level 1. HP: 19/19 MP: 1/1
    46 | D:1      | Found a faded altar of an unknown god.
   220 | D:1      | Reached XP level 2. HP: 23/27 MP: 2/2
   399 | D:1      | Reached skill level 3 in Axes
   461 | D:1      | Reached XP level 3. HP: 31/33 MP: 3/3
  1216 | D:2      | Reached skill level 4 in Axes
  1414 | D:2      | Reached XP level 4. HP: 37/40 MP: 4/4
  1498 | D:2      | Found a burning altar of Makhleb.
  1755 | D:3      | Noticed a black bear
  1765 | D:3      | Killed a black bear
  1766 | D:3      | Reached XP level 5. HP: 37/46 MP: 5/5
  1889 | D:3      | Reached skill level 5 in Axes
  2250 | D:4      | Reached XP level 6. HP: 44/53 MP: 6/6
  2619 | D:4      | Became a worshipper of Beogh the Brigand
  2638 | D:4      | Reached skill level 1 in Throwing
  2681 | D:4      | Reached skill level 6 in Axes
  2713 | D:4      | Reached skill level 5 in Armour
  2716 | D:4      | Reached XP level 7. HP: 22/60 MP: 7/7
  3115 | D:4      | Reached skill level 9 in Axes
  3115 | D:4      | Reached XP level 8. HP: 73/73 MP: 8/8
  3121 | D:5      | Entered Level 5 of the Dungeon
  3621 | D:5      | Found Gozag's Platinum Reserve.
  3692 | D:5      | Found an opulent altar of Gozag.
  3941 | D:6      | Found a staircase to the Ecumenical Temple.
  4068 | D:6      | Noticed Blork the orc
  4081 | D:6      | Killed Blork the orc
  4081 | D:6      | Reached * piety under Beogh
  4631 | D:7      | Found Omeixt Owoi's Assorted Antiques.
  4665 | D:7      | Reached XP level 9. HP: 81/81 MP: 9/9
  4678 | D:7      | Found Huluex's Book Boutique.
  4694 | D:7      | Found Tompod's Armour Emporium.
  5004 | D:7      | Found Jegon's Jewellery Emporium.
  5098 | D:7      | Found a runed translucent gate.
  5099 | D:7      | Found a runed translucent gate.
  5100 | D:7      | Found a runed translucent gate.
  5100 | D:7      | Noticed zishaf's ghost (novice DjVM)
  5107 | D:7      | Noticed a kobold demonologist
  5370 | D:7      | Noticed a hornet
  5777 | D:8      | Reached ** piety under Beogh
  5908 | D:8      | Reached skill level 10 in Axes
  5967 | D:8      | Found a bloodstained altar of Trog.
  6047 | D:8      | Noticed Joseph
  6073 | D:8      | Killed Joseph
  6134 | D:8      | Reached XP level 10. HP: 59/90 MP: 10/10
  6236 | D:8      | Noticed Maurice
  6301 | D:7      | Killed Maurice
  6908 | D:9      | Found an ornate altar of the Wu Jian Council.
  7059 | D:10     | Entered Level 10 of the Dungeon
  7070 | D:10     | Found a staircase to the Orcish Mines.
  7090 | D:10     | Identified the +7 falchion of Entrepreneurial Spirit
                  | {vorpal, rCorr Stlth+}
  7126 | D:10     | Noticed Erolcha
  7131 | D:10     | Noticed Lodul
  7137 | Abyss:2  | Cast into level 2 of the Abyss (Erolcha)
  7151 | Abyss:2  | Reached skill level 11 in Axes
  7247 | Abyss:2  | Noticed a starcursed mass
  7281 | Abyss:2  | Killed a starcursed mass
  7289 | Abyss:2  | Killed a starcursed mass
  7317 | Abyss:2  | Noticed a starcursed mass
  7322 | Abyss:2  | Noticed a wretched star
  7323 | Abyss:2  | Paralysed by accursed screaming for 1 turns
  7324 | Abyss:2  | Killed from afar by a hell hound

Illustrated notes

Levels and vault maps discovered:
D:1:      matt_arrival_los_fun, layout_basic, serial_forest,
          infiniplex_forest_clump_C, infiniplex_forest_lined_2,
          infiniplex_forest_clump_curved, infiniplex_forest_straight_2,
          infiniplex_forest_lined_1, infiniplex_forest_clump_large,
          infiniplex_forest_lined_2, infiniplex_forest_lined_corner,
          shapermc_ecumenical_altar_gd, chequers_jeans, minmay_misc_feat_roman
D:2:      layout_basic, basic_altar
D:3:      layout_rooms
D:4:      layout_loops_ring, minmay_snake_closets
D:5:      layout_cave_pods, nicolae_gozag_zags_fifth_avenue,
          minmay_misc_feat_rugged, nicolae_concentric_dashed_squares_wild
D:6:      layout_rooms, minmay_temple_entry_mist, uniq_blork_the_orc
D:7:      layout_loops_ring, gammafunk_ghost_nasty_kobolds, serial_shops, shop,
          nicolae_shop_waterfront, shop, nicolae_shop_statue_plus,
          chequers_serial_rivers_micro_c
D:8:      layout_cave_pools, amcnicky_altar_gilded, minmay_gold_behind_fungi,
          reono_crystal_passage, uniq_maurice, uniq_joseph
D:9:      layout_cave_pools, mainiacjoe_overflow_surrounded_room,
          nzn_hepliaklqana_mist_gate, dk_rats_in_the_wall
D:10:     layout_roguey, grunt_temple_overflow_cloverleaf, orc_0_dummy,
          uniq_erolcha, uniq_lodul, uniq_grum
Abyss:2:  base: D:9, bh_abyss_exit_spiral

Skill      XL: |  1  2  3  4  5  6  7  8  9 10 |
---------------+-------------------------------+-----
Fighting       | 4 7 8 |  8.8
Axes           | 3 4 5 6 9 10 11 | 11.0
Armour         | 4 5 7 8 |  8.4
Shields        | 4 6 7 8 |  8.8
Throwing       | 1 6 7 |  7.2
Dodging        | 3 4 |  4.0
Stealth        | |  0.4

Action                   |  1- 3 |  4- 6 |  7- 9 | 10-12 || total
-------------------------+-------+-------+-------+-------++-------
Melee: War axe           |   203 |   116 |   188 |   116 ||   623
Throw: Javelin           |       |    29 |    22 |    17 ||    68
       Dart              |       |       |    10 |     9 ||    19
       Boomerang         |       |       |    20 |       ||    20
Invok: Convert to Beogh  |       |     1 |       |       ||     1
  Use: Potion            |       |     3 |     1 |     5 ||     9
       Scroll            |       |       |    24 |     8 ||    32
Armor: Scale mail        |    49 |       |       |       ||    49
       Chain mail        |    10 |    70 |    55 |       ||   135
       Plate armour      |       |       |    70 |    65 ||   135
Dodge: Dodged            |    60 |    45 |    55 |    38 ||   198
Block: Buckler           |    24 |       |       |       ||    24
       Kite shield       |     8 |   112 |   144 |    93 ||   357

Table legend: (Time is in decaauts)
 A = Elapsed time spent in this place.
 B = Non-inter-level travel time spent in this place.
 C = Inter-level travel time spent in this place.
 D = Time resting spent in this place.
 E = Time spent auto-exploring this place.
 F = Levels seen in this place.
 G = Mean time per level.
                   A        B        C        D        E       F      G
               +--------+--------+--------+--------+--------+-----+--------+
         Total |   7531 |   7506 |     25 |    594 |      0 |  11 |  684.6 |
       Dungeon |   7340 |   7315 |     25 |    560 |      0 |  10 |  734.0 |
         Abyss |    190 |    190 |      0 |     34 |      0 |   1 |  190.0 |
               +--------+--------+--------+--------+--------+-----+--------+

Top non-repeatable levels by time:
     D:7: 1289 daAuts
     D:4: 981 daAuts
     D:2: 952 daAuts
     D:1: 893 daAuts
     D:8: 827 daAuts
     D:5: 762 daAuts
     D:6: 595 daAuts
     D:3: 499 daAuts
     D:9: 459 daAuts
 Abyss:2: 190 daAuts
    D:10: 79 daAuts
